 Dungeon Crawl Stone Soup version 0.31-a0-177-g4aa6249778 (webtiles) character file.

Game seed: 2588543603399803129

975 qw the Chopper (level 8, 0/49 HPs)
             Began as a Gargoyle Fighter on June 18, 2023.
             Slain by a gnoll bouda
             ... wielding a +0 whip
              (2 damage)
             ... on level 6 of the Dungeon.
             The game lasted 00:02:05 (4246 turns).

qw the Chopper (Gargoyle Fighter)                   Turns: 4246, Time: 00:02:06

Health: 0/49       AC: 24    Str: 28    XL:     8   Next: 16%
Magic:  8/8        EV:  5    Int: 12    God:
Gold:   34         SH:  4    Dex:  9    Spells: 7/7 levels left

rFire   . . .        Y - +2 war axe
rCold   . . .        c - +0 buckler
rNeg    + . .        j - +0 crystal plate armour of Red Fun {Drain +Inv Str+6 Int+3}
rPois   inf          o - +0 helmet
rElec   +            (no cloak)
rCorr   .            (no gloves)
SInv    .            (no boots)
Will    .....        (no amulet) Stlth
                     (no ring)
HPRegen 0.28/turn    (no ring)
MPRegen 0.11/turn

%: no passive effects
@: weakened
A: sickness immunity, AC +5, negative energy resistance 1, electricity
resistance, torment resistance 1, petrification resistance
a: Evoke Invisibility


You were on level 6 of the Dungeon.
You visited 1 branch of the dungeon, and saw 6 of its levels.

You collected 196 gold pieces.
You spent 162 gold pieces at shops.


Innate Abilities, Weirdness & Mutations

You are immune to sickness and miasma.
Your stone body is resilient. (AC +5)
You are immune to poison.
You resist negative energy. (rN+)
You are resistant to electric shocks. (rElec)
You are resistant to unholy torment.
You are immune to petrification.


   Skills:
 - Level 5.3 Fighting
 + Level 6.7 Axes
 - Level 5.6 Armour
 - Level 3.2 Shields


You had 7 spell levels left.
You didn't know any spells.
Your spell library was empty.

Inventory:

Hand Weapons
 n - a +1 flail of protection
 Y - a +2 war axe (weapon)
Missiles
 k - 2 boomerangs (quivered)
Armour
 c - a +0 buckler (worn)
 j - the +0 crystal plate armour of Red Fun (worn) {Drain +Inv Str+6 Int+3}
   (You acquired it on level 2 of the Dungeon)

   Str:       It affects your strength (+6).
   Int:       It affects your intelligence (+3).
   +Inv:      It lets you turn invisible.
   Drain:     It drains your maximum health when unequipped.
 m - a +0 cloak
 o - a +0 helmet (worn)
Scrolls
 a - a scroll of revelation {unknown}
 b - 2 scrolls of identify
 g - a scroll of noise {unknown}
Potions
 d - 2 potions of might
 e - a potion of heal wounds
 f - a potion of cancellation
 i - a potion of lignification
 l - 2 potions of attraction

Dungeon Overview and Level Annotations

Branches:
Dungeon (5/15)
 Temple: D:4-7

Altars:
Uskayaw

Shops:
D:4 *?[   D:6 (

Annotations:
D:6 Maggie


Message History

The troll bites you. You block the troll's attack.
The troll claws you but does no damage.
The gnoll bouda hits you but does no damage.
The troll bites you but does no damage.
The troll claws you but does no damage. x2
You block the gnoll bouda's attack.
You hit the troll.
The troll is lightly wounded.
You completely miss the gnoll bouda. You block the troll's attack.
The troll claws you. x2
The gnoll bouda hits you but does no damage.
You hit the troll.
The troll is moderately wounded.
You hit the gnoll bouda but do no damage.
The gnoll bouda gazes fiercely through you!
You feel your attacks grow feeble.
The gnoll bouda hits you with a +0 whip.
The troll bites you but does no damage. The troll barely misses you. x2
You slash the troll!
The troll is moderately wounded.
You barely miss the gnoll bouda. The troll bites you but does no damage.
The troll claws you! The troll claws you but does no damage.
The gnoll bouda gazes fiercely through you!
You feel as though you will be weak longer.
The gnoll bouda hits you with a +0 whip.
You hit the troll.
The troll is heavily wounded.
You hit the gnoll bouda but do no damage.
The troll bites you but does no damage. The troll barely misses you.
The troll claws you but does no damage.
The gnoll bouda hits you with a +0 whip!
You hit the troll.
The troll is heavily wounded.
You barely miss the gnoll bouda. The troll bites you but does no damage.
The troll claws you. The troll claws you! The gnoll bouda barely misses you.
The gnoll bouda gazes fiercely through you!
You feel as though you will be weak longer.
The gnoll bouda hits you with a +0 whip.
You die...

# ... #
########'#......# #
#........#......# #
#........#......# #
#.......#......# #
#.......#......# ##
#.......#......'
.+......#.......#g.....#
.#......#.......@T.....#
.#......#.......#......#
.#.....##.......#......#
##.....########'#......#
.#......#.......#......#
.#......#.......########
.#..)...#...........
.+.....##.......##...
.#...).##.......# ...


You could see a troll and a gnoll bouda.

Vanquished Creatures
  Grinder (D:3)
  An ice beast (D:5)
  A black bear (D:6)
  A phantom (D:3)
  A howler monkey (D:6)
  2 orc priests (D:3)
  A hound (D:6)
  A jelly (D:4)
  Ijyb (D:3)
  An iguana (D:4)
  4 orc wizards
  Robin (D:2)
  3 gnolls (D:6)
  7 adders
  An ufetubus (D:3)
  A worm (D:4)
  6 dart slugs
  10 orcs
  9 ball pythons
  6 endoplasms
  5 giant cockroaches
  14 goblins
  12 hobgoblins
  6 jackals (D:4)
  3 quokkas
  6 bats
  2 frilled lizards
  4 kobolds
  5 rats
116 creatures vanquished.

Notes
Turn   | Place    | Note
-------+----------+-------------------------------------------
     0 | D:1      | qw the Gargoyle Fighter began the quest for the Orb.
     0 | D:1      | Reached XP level 1. HP: 14/14 MP: 1/1
     0 | D:1      | 0 ||| qw: Version: 0.3-a-5-g6f28e65
     0 | D:1      | 0 ||| qw: Game counter: 645
     0 | D:1      | 0 ||| qw: Always use a shield: true
     0 | D:1      | 0 ||| qw: God list: Okawaru
     0 | D:1      | 0 ||| qw: Allow faded altars: false
     0 | D:1      | 0 ||| qw: Do Orc after D:15 true
     0 | D:1      | 0 ||| qw: Do second Lair branch before Depths: true
     0 | D:1      | 0 ||| qw: Lair rune preference: random
     0 | D:1      | 0 ||| qw: Plans: Normal, Zot:1-4, Slime:5, God:TSO, Crypt,
                  | Tomb, Abyss, Pan, Hells, Win
     0 | D:1      | 0 ||| PLANNING D:1-11
    47 | D:1      | Reached skill level 2 in Axes
   301 | D:1      | Reached XP level 2. HP: 19/19 MP: 2/2
   371 | D:1      | Found a faded altar of an unknown god.
   484 | D:1      | 484 ||| Stepping ~*~*~tactically~*~*~ (stealth).
   614 | D:1      | Reached skill level 3 in Axes
   669 | D:1      | 669 ||| UPGRADING to +0 chain mail.
   679 | D:1      | 679 ||| DROPPING +0 scale mail.
   680 | D:1      | 680 ||| READING 2 scrolls labelled CONAPH ASUG.
   684 | D:1      | 684 ||| READING scroll labelled LEARUFR DAONT.
   738 | D:2      | Reached XP level 3. HP: 23/23 MP: 3/3
   749 | D:2      | 749 ||| Stepping ~*~*~tactically~*~*~ (stealth).
  1008 | D:2      | 1008 ||| Stepping ~*~*~tactically~*~*~ (hiding).
  1009 | D:2      | 1009 ||| Stepping ~*~*~tactically~*~*~ (stealth).
  1133 | D:2      | 1133 ||| Stepping ~*~*~tactically~*~*~ (stealth).
  1135 | D:2      | 1135 ||| Stepping ~*~*~tactically~*~*~ (stealth).
  1183 | D:2      | 1183 ||| READING scroll of enchant weapon.
  1183 | D:2      | 1183 ||| ENCHANTING +1 war axe.
  1221 | D:2      | 1221 ||| DROPPING +0 club.
  1353 | D:2      | Reached XP level 4. HP: 28/28 MP: 4/4
  1559 | D:2      | 1559 ||| Stepping ~*~*~tactically~*~*~ (stealth).
  1561 | D:2      | Noticed Robin
  1570 | D:2      | Reached skill level 4 in Axes
  1579 | D:2      | Killed Robin
  1725 | D:2      | 1725 ||| UPGRADING to +0 helmet.
  1730 | D:2      | 1730 ||| READING 2 scrolls labelled HATROA COLAI.
  1731 | D:2      | 1731 ||| READING scroll labelled WUSSIU HAAD.
  1732 | D:2      | 1732 ||| READING scroll labelled ZOSIYN XAOTT.
  1732 | D:2      | Identified a scroll of acquirement
  1732 | D:2      | 1732 ||| ACQUIRING +0 crystal plate armour of Red Fun
                  | {Drain +Inv Str+6 Int+3}
  1732 | D:2      | Acquired the +0 crystal plate armour of Red Fun {Drain +Inv
                  | Str+6 Int+3}
  1734 | D:2      | 1734 ||| UPGRADING to +0 crystal plate armour of Red Fun
                  | {Drain +Inv Str+6 Int+3}.
  1744 | D:2      | 1744 ||| DROPPING +0 chain mail.
  1745 | D:2      | 1745 ||| READING scroll labelled SODIMO ZOMP.
  1746 | D:2      | 1746 ||| READING scroll labelled QIZ ANTUHICS.
  1747 | D:2      | 1747 ||| DRINKING 2 glowing clear potions.
  1748 | D:2      | 1748 ||| DRINKING 3 blue potions.
  1853 | D:2      | 1853 ||| DROPPING 2 potions of berserk rage.
  1896 | D:3      | 1896 ||| Stepping ~*~*~tactically~*~*~ (hiding).
  1903 | D:3      | Reached XP level 5. HP: 21/32 MP: 5/5
  1916 | D:3      | 1916 ||| FLEEEEING.
  1917 | D:3      | 1917 ||| FLEEEEING.
  1920 | D:3      | 1920 ||| FLEEEEING.
  1926 | D:3      | 1926 ||| STAIRDANCE
  2030 | D:3      | Reached skill level 5 in Axes
  2052 | D:3      | 2052 ||| DROPPING +0 whip.
  2196 | D:3      | Noticed Ijyb
  2197 | D:3      | 2197 ||| FLEEEEING.
  2207 | D:3      | 2207 ||| FLEEEEING.
  2208 | D:3      | 2208 ||| FLEEEEING.
  2209 | D:3      | 2209 ||| FLEEEEING.
  2210 | D:3      | 2210 ||| FLEEEEING.
  2211 | D:3      | 2211 ||| FLEEEEING.
  2212 | D:3      | 2212 ||| STAIRDANCE
  2247 | D:2      | 2247 ||| DRINKING 3 dark potions.
  2261 | D:3      | Killed Ijyb
  2388 | D:3      | Reached XP level 6. HP: 37/37 MP: 6/6
  2524 | D:3      | Noticed Grinder
  2525 | D:3      | 2525 ||| Stepping ~*~*~tactically~*~*~ (hiding).
  2532 | D:3      | Paralysed by Grinder for 4 turns
  2538 | D:3      | Paralysed by Grinder for 5 turns
  2545 | D:3      | Killed Grinder
  2672 | D:3      | Found a hide-covered altar of Uskayaw.
  2780 | D:3      | 2780 ||| READING scroll labelled VOSOQOHOIC.
  2822 | D:4      | 2822 ||| STAIRDANCE
  2833 | D:3      | Reached XP level 7. HP: 39/44 MP: 7/7
  2908 | D:4      | Found Zagruz Roroq's General Store.
  2913 | D:4      | Found Tump's Armour Shoppe.
  2915 | D:4      | 2915 ||| SHOPLISTING +6 ring of strength (396 gold, have
                  | 154).
  2915 | D:4      | 2915 ||| BUYING potion of attraction (33 gold).
  2915 | D:4      | Bought a potion of attraction for 33 gold pieces
  2915 | D:4      | 2915 ||| BUYING potion of attraction (33 gold).
  2915 | D:4      | Bought a potion of attraction for 33 gold pieces
  2915 | D:4      | 2915 ||| BUYING potion of might (44 gold).
  2915 | D:4      | Bought a potion of might for 44 gold pieces
  2915 | D:4      | 2915 ||| SHOPLISTING scroll of enchant armour (82 gold,
                  | have 44).
  3030 | D:4      | 3030 ||| Stepping ~*~*~tactically~*~*~ (stealth).
  3035 | D:4      | 3035 ||| Stepping ~*~*~tactically~*~*~ (stealth).
  3126 | D:4      | 3126 ||| DRINKING 2 potions of curing.
  3126 | D:4      | 3126 ||| (to cure confusion)
  3127 | D:4      | 3127 ||| DRINKING potion of curing.
  3127 | D:4      | 3127 ||| (to cure confusion)
  3145 | D:4      | Reached skill level 6 in Axes
  3731 | D:4      | Found Raemn's Magic Scroll Boutique.
  3739 | D:4      | 3739 ||| SHOPLISTING 3 scrolls of identify (78 gold, have
                  | 75).
  3739 | D:4      | 3739 ||| BUYING scroll of identify (26 gold).
  3739 | D:4      | Bought a scroll of identify for 26 gold pieces
  3739 | D:4      | 3739 ||| BUYING scroll of identify (26 gold).
  3739 | D:4      | Bought a scroll of identify for 26 gold pieces
  3739 | D:4      | 3739 ||| SHOPLISTING scroll of teleportation (39 gold, have
                  | 23).
  3765 | D:4      | 3765 ||| READING scroll labelled WIWNYEGYIN.
  3798 | D:4      | 3798 ||| DRINKING 2 metallic white potions.
  3850 | D:4      | 3850 ||| READING 3 scrolls of identify.
  3850 | D:4      | 3850 ||| IDENTIFYING emerald potion
  3920 | D:5      | Entered Level 5 of the Dungeon
  3929 | D:5      | You fall into a shaft and drop 1 floor!
  3942 | D:6      | Noticed Maggie
  3950 | D:6      | HP: 3/44 [Maggie/+2 heavy glaive (18)]
  3951 | D:6      | 3951 ||| READING scroll of teleportation.
  3952 | D:6      | 3952 ||| DRINKING potion of heal wounds.
  4070 | D:6      | Reached XP level 8. HP: 49/49 MP: 8/8
  4142 | D:6      | Found Zailu's Hydra Hut.
  4146 | D:6      | Noticed a five-headed hydra
  4150 | D:6      | 4150 ||| SHOPLISTING +2 hand axe of flaming (191 gold, have
                  | 34).
  4155 | D:6      | 4155 ||| Stepping ~*~*~tactically~*~*~ (stealth).
  4188 | D:6      | 4188 ||| Stepping ~*~*~tactically~*~*~ (stealth).
  4210 | D:6      | 4210 ||| DROPPING +0 flail.
  4223 | D:6      | Noticed a troll
  4224 | D:6      | 4224 ||| Stepping ~*~*~tactically~*~*~ (hiding).
  4225 | D:6      | 4225 ||| Stepping ~*~*~tactically~*~*~ (stealth).
  4246 | D:6      | HP: 9/49 [troll (6)]
  4246 | D:6      | HP: 2/49 [troll (7)]
  4246 | D:6      | Slain by a gnoll bouda

Levels and vault maps discovered:
D:1:      roderic_octagonal_star, layout_basic,
          chequers_ecumenical_altar_simple_redux
D:2:      layout_basic, minmay_pentomino_p2, uniq_robin
D:3:      layout_loops_ring, nicolae_uskayaw_suspiria, uniq_grinder, uniq_ijyb
D:4:      layout_cave_pods, serial_shops, shop, shop, shop
D:5:      layout_loops_ring, uniq_duvessa
D:6:      minmay_cornered_nines, layout_gridville, doesnt_shop_hydraphobe,
          uniq_maggie

Skill      XL: |  1  2  3  4  5  6  7 |
---------------+----------------------+-----
Axes           | 2 3 4 5 6 |  6.7
Armour         | 4 5 |  5.6
Fighting       | 5 |  5.3
Shields        | |  3.2

Action                     |  1- 3 |  4- 6 |  7- 9 || total
---------------------------+-------+-------+-------++-------
  Melee: War axe           |   100 |    98 |    97 ||   295
  Throw: Boomerang         |       |    13 |    43 ||    56
    Use: Scroll            |     3 |     6 |     3 ||    12
         Potion            |       |     3 |     4 ||     7
 Armour: Scale mail        |    28 |       |       ||    28
         Chain mail        |    29 |    18 |       ||    47
         Crystal plate arm |       |    64 |   133 ||   197
  Dodge: Dodged            |    32 |    25 |    21 ||    78
  Block: Buckler           |    15 |    17 |    23 ||    55

Table legend:
 A = Non-vault XP
 B = Vault XP
 C = Vault XP percentage of total XP
 D = Non-vault monster count
 E = Vault monster count
 F = Vault count percentage of total count
                 A         B        C        D         E       F
            +---------+---------+-------+---------+---------+-------
      Total |    1066 |     328 |  23.5 |     101 |      15 |  12.9
            +---------+---------+-------+---------+---------+-------
        D:1 |      31 |       0 |   0.0 |      19 |       0 |   0.0
        D:2 |      52 |      38 |  42.2 |      22 |      13 |  37.1
        D:3 |     297 |     290 |  49.4 |      21 |       2 |   8.7
        D:4 |     288 |       0 |   0.0 |      32 |       0 |   0.0
        D:5 |     132 |       0 |   0.0 |       1 |       0 |   0.0
        D:6 |     266 |       0 |   0.0 |       6 |       0 |   0.0
            +---------+---------+-------+---------+---------+-------
